[Event "December 5 Early 2023"]
[Site "https://www.chess.com"]
[Date "2023.12.05"]
[Round "11"]
[White "Timerkhanov, Alexander"]
[Black "Vasquez Schroeder, Rodrigo"]
[Result "0-1"]
[Board "27"]
[TimeControl "180+1"]
[WhiteFideId "24177938"]
[BlackFideId "3400042"]
[WhiteElo "2659"]
[BlackElo "2907"]
[WhiteTeam "RUS"]
[BlackTeam "CHI"]
[WhiteClock "0:00:00"]
[BlackClock "0:00:06"]

1. d4 Nf6 2. Bg5 e6 3. Nd2 h6 4. Bh4 d6 5. e4 Nbd7 6. Bd3 e5 7. c3 Be7 8. Ngf3 Nh5 9. Bg3 Nxg3 10. hxg3 c6 11. Qc2 Qc7 12. Nf1 g6 13. Ne3 Nf6 14. O-O-O b5 15. Kb1 a6 16. Qe2 Bb7 17. g4 O-O-O 18. Bc2 c5 19. d5 Nd7 20. Rh2 Bf6 21. Re1 Bg7 22. Reh1 c4 23. g5 hxg5 24. Nxg5 Nf6 25. Rxh8 Bxh8 26. Qf3 Qe7 27. Ng4 Nh5 28. Qe3 Kb8 29. g3 Rf8 30. f4 exf4 31. gxf4 Re8 32. Qf2 Nf6 33. Nxf6 Bxf6 34. Nf3 Rh8 35. Rxh8+ Bxh8 36. Nd4 Kc7 37. a4 bxa4 38. Bxa4 Qxe4+ 39. Bc2 Bxd4 40. cxd4 Qh1+ 41. Ka2 Qxd5 42. Qe3 Qa5+ 43. Kb1 Kd8 44. f5 gxf5 45. Qg5+ Ke8 46. Bxf5 Qe1+ 47. Ka2 Qe7 48. Qg8+ Qf8 49. Qg5 Bd5 50. Bg4 f5 51. Bxf5 c3+ 52. b3 Qe7 53. Bg6+ Bf7 54. Bxf7+ Kxf7 55. Qf5+ Qf6 56. Qd7+ Kg6 57. Qg4+ Kh6 58. Qh3+ Kg5 59. Qxc3 Qf4 60. Qc4 Qd2+ 61. Ka3 Qa5+ 62. Kb2 Kf4 63. Qd3 Qd5 64. Qxa6 Qxd4+ 65. Kc2 Ke3 66. Qc6 Qd2+ 67. Kb1 d5 68. Qe6+ Kd4 69. Qf6+ Kc5 70. Qb2 Qe3 71. Qc2+ Kb4 72. Kb2 Qd4+ 73. Ka2 Qc3 74. Qe2 Qxb3+ 75. Ka1 Qc3+ 76. Ka2 Qc4+ 77. Qxc4+ Kxc4 78. Kb2 Kd3 79. Kc1 Ke2 80. Kc2 d4 0-1

[Event "December 5 Early 2023"]
[Site "https://www.chess.com"]
[Date "2023.12.05"]
[Round "11"]
[White "Gontcharov, Vladislav"]
[Black "Kazakouski, Valery"]
[Result "1-0"]
[Board "28"]
[TimeControl "180+1"]
[WhiteFideId "4123492"]
[BlackFideId "13507443"]
[WhiteElo "2658"]
[BlackElo "2862"]
[WhiteTeam "RUS"]
[BlackTeam "LTU"]
[WhiteClock "0:00:15"]
[BlackClock "0:00:00"]

1. d4 Nf6 2. c4 c6 3. Nf3 d5 4. e3 Bf5 5. cxd5 cxd5 6. Nc3 e6 7. Qb3 Qc7 8. Bd2 Be7 9. Rc1 Nc6 10. Bb5 O-O 11. Na4 Nd7 12. O-O Rfc8 13. h3 Be4 14. Be2 a6 15. Nc5 Nxc5 16. dxc5 e5 17. a3 Rd8 18. Rfd1 Bf5 19. Be1 Be6 20. Qc2 a5 21. b4 axb4 22. axb4 f6 23. Ra1 Bf8 24. b5 Ne7 25. Bb4 Ng6 26. Qc3 Qf7 27. Rxa8 Rxa8 28. Ra1 Rxa1+ 29. Qxa1 Qc7 30. b6 Qc8 31. Qa7 Ne7 32. Ba6 Nc6 33. Qxb7 Qxb7 34. Bxb7 Nxb4 35. c6 Bc5 36. c7 Bxb6 37. c8=Q+ Bxc8 38. Bxc8 Kf7 39. Kf1 g6 40. Ke2 Bc7 41. Nd2 Ke7 42. f3 Kd6 43. e4 d4 44. Nc4+ Kc5 45. Be6 Bd8 46. Nb2 Nc6 47. Nd3+ Kd6 48. Bg8 h5 49. Bf7 Ne7 50. h4 Ba5 51. g4 hxg4 52. fxg4 Kd7 53. h5 gxh5 54. gxh5 Nc6 55. h6 1-0

[Event "December 5 Early 2023"]
[Site "https://www.chess.com"]
[Date "2023.12.05"]
[Round "11"]
[White "Agibileg, Uurtsaikh"]
[Black "Xu, Yi"]
[Result "0-1"]
[Board "29"]
[TimeControl "180+1"]
[WhiteFideId "4901606"]
[BlackFideId "8605564"]
[WhiteElo "2641"]
[BlackElo "2847"]
[WhiteTeam "MGL"]
[BlackTeam "CHN"]
[WhiteClock "0:00:02"]
[BlackClock "0:00:11"]

1. d4 Nf6 2. Nc3 d5 3. Bf4 e6 4. Nb5 Bb4+ 5. c3 Ba5 6. h3 Nbd7 7. e3 a6 8. Na3 c6 9. Bd3 Bc7 10. Nf3 c5 11. O-O b5 12. Ne5 Nxe5 13. Bxe5 Bxe5 14. dxe5 Nd7 15. f4 Bb7 16. Qg4 g6 17. Nb1 h5 18. Qe2 Qc7 19. a4 c4 20. Bc2 Nc5 21. axb5 axb5 22. Rxa8+ Bxa8 23. Nd2 Qb6 24. Kh2 b4 25. e4 b3 26. Bb1 Na4 27. f5 gxf5 28. exf5 Nxb2 29. fxe6 Qxe6 30. Rf6 Qe7 31. Nf3 Na4 32. Nd4 Nxc3 33. Qe1 Ne4 34. Rf5 Rg8 35. Qa5 Bb7 36. Bxe4 dxe4 37. Qb5+ Qd7 38. Qxd7+ Kxd7 39. Rxf7+ Kc8 40. e6 b2 41. e7 Re8 42. Rf1 Rxe7 43. Rb1 c3 44. Ne2 Rc7 45. Kg3 Ba6 46. Nxc3 Rxc3+ 47. Kf4 Rb3 48. Kxe4 Bd3+ 0-1

[Event "December 5 Early 2023"]
[Site "https://www.chess.com"]
[Date "2023.12.05"]
[Round "11"]
[White "Shuvalova, Polina"]
[Black "Dyachuk, Artem"]
[Result "1-0"]
[Board "30"]
[TimeControl "180+1"]
[WhiteFideId "24171760"]
[BlackFideId "34107924"]
[WhiteElo "2841"]
[BlackElo "2604"]
[WhiteTeam "RUS"]
[BlackTeam "UKR"]
[WhiteClock "0:00:39"]
[BlackClock "0:00:04"]

1. e4 e5 2. Nf3 Nc6 3. Nc3 Nf6 4. Bb5 Nd4 5. O-O Nxb5 6. Nxb5 d6 7. d4 a6 8. Nc3 exd4 9. Qxd4 Be7 10. h3 O-O 11. Bf4 Nd7 12. Rad1 Nc5 13. Bg3 Be6 14. e5 dxe5 15. Qxe5 Bd6 16. Qe3 Re8 17. Bxd6 cxd6 18. Qd4 Qb6 19. Qxd6 Qxb2 20. Qxc5 Rac8 21. Na4 Qxa2 22. Qd4 Rc4 23. Ra1 Qxc2 24. Rfc1 Qxc1+ 25. Rxc1 Rxc1+ 26. Kh2 Rc4 27. Qa1 Rc2 28. Kg3 h6 29. Qb1 Rc7 30. Qb6 Rec8 31. Nd4 Bd5 32. Qd6 Be4 33. f3 Bg6 34. Nb6 Rc6 35. Nxc6 Rxc6 36. Qd8+ Kh7 37. Nd7 h5 38. Nf8+ Kg8 39. Nxg6+ Kh7 40. Nf8+ Kh6 41. Qd2+ g5 42. h4 f6 43. Qd7 Rc7 44. Qxc7 gxh4+ 45. Kxh4 a5 46. Qh7# 1-0

[Event "December 5 Early 2023"]
[Site "https://www.chess.com"]
[Date "2023.12.05"]
[Round "11"]
[White "Tologon tegin, Semetei"]
[Black "Vakhlamov, Igor L."]
[Result "1/2-1/2"]
[Board "31"]
[TimeControl "180+1"]
[WhiteFideId "13800574"]
[BlackFideId "24126748"]
[WhiteElo "2590"]
[BlackElo "2840"]
[WhiteTeam "KGZ"]
[BlackTeam "RUS"]
[WhiteClock "0:00:05"]
[BlackClock "0:00:23"]

1. Nf3 d5 2. e3 Nf6 3. d4 c5 4. Bd3 Nc6 5. O-O cxd4 6. exd4 Bg4 7. c3 e6 8. Nbd2 Bd6 9. Re1 O-O 10. Nf1 Ne7 11. h3 Bf5 12. Ne5 a6 13. Ng3 Bxd3 14. Qxd3 Bxe5 15. dxe5 Nd7 16. Nh5 Ng6 17. Qg3 Qh4 18. Qxh4 Nxh4 19. f4 Rfc8 20. Be3 b5 21. Ng3 a5 22. a3 Ng6 23. Kf2 Ne7 24. Bd4 Nc6 25. Ne2 Rab8 26. Rec1 f6 27. exf6 gxf6 28. g4 Kf7 29. h4 h6 30. Rg1 b4 31. axb4 axb4 32. g5 hxg5 33. hxg5 bxc3 34. Bxc3 e5 35. gxf6 Nxf6 36. fxe5 Ne4+ 37. Ke3 Nxc3 38. bxc3 Nxe5 39. Ra7+ Kf6 40. Rf1+ Ke6 41. Nd4+ Kd6 42. Rf6+ Kc5 43. Re6 Nc6 44. Nxc6 Rxc6 45. Ra5+ Kb6 46. Rxc6+ Kxc6 47. Kd4 Rb1 48. Rc5+ Kb6 49. Rxd5 Rh1 50. Rd6+ Kc7 51. Kc5 Rh5+ 52. Rd5 Rh6 53. c4 Rc6+ 54. Kd4 Rh6 55. Rg5 Kc6 56. Ra5 Rh4+ 57. Kc3 Kb6 58. Rb5+ Kc6 59. Kb4 Rh1 60. Rc5+ Kb6 61. Rb5+ Kc6 62. Ra5 Rb1+ 63. Kc3 Kb6 64. Rh5 Rg1 65. Rh6+ Kc5 66. Rh5+ Kc6 67. Rh3 Kc5 68. Rf3 Rc1+ 69. Kb3 Rb1+ 70. Kc2 Ra1 71. Rf4 Kb4 72. Kd3 Rd1+ 73. Kc2 Rd8 74. Kb2 Rd2+ 75. Kc1 Rh2 76. c5+ Kc3 77. Kd1 Kd3 78. Ke1 Rc2 79. Rf5 Ke4 80. Rh5 Kd4 81. Kd1 Rg2 82. Kc1 Rg6 83. Kd1 Kd3 84. Ke1 Rf6 85. Rh3+ Kd4 86. Rh5 Ke3 87. Kd1 Kd3 88. Kc1 Rg6 89. Kb2 Kc4 90. Kc2 Rg2+ 91. Kd1 Rg7 92. Ke2 Re7+ 93. Kf3 Rc7 94. Ke4 Rxc5 95. Rxc5+ Kxc5 1/2-1/2

[Event "December 5 Early 2023"]
[Site "https://www.chess.com"]
[Date "2023.12.05"]
[Round "11"]
[White "Thorfinnsson, Bjorn"]
[Black "Bacrot, Etienne"]
[Result "1-0"]
[Board "32"]
[TimeControl "180+1"]
[WhiteFideId "2300982"]
[BlackFideId "605506"]
[WhiteElo "2585"]
[BlackElo "2835"]
[WhiteTeam "ISL"]
[BlackTeam "FRA"]
[WhiteClock "0:00:50"]
[BlackClock "0:00:01"]

1. d4 d5 2. Nf3 c6 3. Bg5 h6 4. Bh4 Qb6 5. b3 Nd7 6. e3 e5 7. Bg3 e4 8. Nfd2 Ne7 9. c4 Nf5 10. Nc3 Bb4 11. Qc2 Qa5 12. Ncb1 Nxg3 13. hxg3 O-O 14. a3 Bd6 15. Qb2 Nf6 16. b4 Qd8 17. Nc3 Be6 18. c5 Bc7 19. b5 Ng4 20. Be2 Nxf2 21. Kxf2 Qf6+ 22. Kg1 Bxg3 23. Rf1 Qg5 24. Nd1 g6 25. Qc3 cxb5 26. Bxb5 a6 27. Be2 Rfc8 28. Nf2 b6 29. Nh3 Bxh3 30. Rxh3 bxc5 31. dxc5 Rab8 32. Nb3 h5 33. Nd4 h4 34. Bxa6 Rc7 35. c6 Be5 36. a4 Ra8 37. Bb5 Rcc8 38. Qd2 Ra7 39. Ne2 Rac7 40. Qe1 Bf6 41. Qf2 Rxc6 42. Bxc6 Rxc6 43. Nd4 Rd6 44. a5 Kg7 45. Qe2 Qe5 46. a6 Bg5 47. a7 Rd8 48. Nc6 1-0

[Event "December 5 Early 2023"]
[Site "https://www.chess.com"]
[Date "2023.12.05"]
[Round "11"]
[White "Rustemov, Alexander"]
[Black "Novoselov, Roman"]
[Result "1-0"]
[Board "33"]
[TimeControl "180+1"]
[WhiteFideId "4119002"]
[BlackFideId "4135067"]
[WhiteElo "2828"]
[BlackElo "2601"]
[WhiteTeam "RUS"]
[BlackTeam "RUS"]
[WhiteClock "0:00:20"]
[BlackClock "0:00:00"]

1. d4 Nf6 2. c4 e5 3. dxe5 Ng4 4. e3 Nxe5 5. Nh3 Bb4+ 6. Bd2 Bxd2+ 7. Nxd2 d6 8. Nf4 Nbc6 9. Be2 O-O 10. O-O Re8 11. Rc1 Bf5 12. Nf3 Nxf3+ 13. Bxf3 Be4 14. b3 Qg5 15. Bxe4 Rxe4 16. Nd5 Rc8 17. f3 Ree8 18. Qd2 Ne7 19. Rfe1 Ng6 20. Qf2 c6 21. Nc3 Rcd8 22. Rcd1 h5 23. Qg3 Qe5 24. Ne4 d5 25. cxd5 Rxd5 26. Qxe5 Rexe5 27. Kf2 Kf8 28. Nd6 b6 29. e4 Rxd1 30. Rxd1 Ra5 31. Rd2 Ne5 32. Nf5 f6 33. f4 Ng4+ 34. Kg3 g6 35. Nh4 Rc5 36. Nxg6+ Kf7 37. Nh4 Rc3+ 38. Nf3 Re3 39. h3 Nh6 40. e5 Nf5+ 41. Kf2 Re4 42. g4 hxg4 43. hxg4 Ne7 44. exf6 Kxf6 45. Kg3 Nd5 46. g5+ Kg7 47. Rd4 Re2 48. a4 Ne3 49. Rd7+ 1-0

[Event "December 5 Early 2023"]
[Site "https://www.chess.com"]
[Date "2023.12.05"]
[Round "11"]
[White "Wagh Suyog"]
[Black "Osmak, Yuliia"]
[Result "1-0"]
[Board "34"]
[TimeControl "180+1"]
[WhiteFideId "25071688"]
[BlackFideId "14101602"]
[WhiteElo "2768"]
[BlackElo "2568"]
[WhiteTeam "IND"]
[BlackTeam "UKR"]
[WhiteClock "0:00:44"]
[BlackClock "0:00:00"]

1. e4 c6 2. d4 d5 3. e5 Bf5 4. h4 h5 5. Bd3 Bxd3 6. Qxd3 Qa5+ 7. Nd2 e6 8. Nf3 Nh6 9. O-O Nf5 10. a4 Be7 11. g3 Qa6 12. c4 Nd7 13. b3 c5 14. Qb1 dxc4 15. d5 c3 16. dxe6 fxe6 17. Nc4 O-O 18. Bg5 Qc6 19. Qd3 Rad8 20. Bxe7 Nxe7 21. Ng5 Nf5 22. Qxc3 Nd4 23. Qe3 Rf5 24. Rad1 Nxe5 25. Nxe5 Qd5 26. f4 Rdf8 27. Ngf3 Rxe5 28. Nxe5 b6 29. Rd3 Qb7 30. Rxd4 cxd4 31. Qxd4 Qc6 32. Qc4 1-0

[Event "December 5 Early 2023"]
[Site "https://www.chess.com"]
[Date "2023.12.05"]
[Round "11"]
[White "Tan, Jonathan"]
[Black "Krysa, Leandro"]
[Result "0-1"]
[Board "35"]
[TimeControl "180+1"]
[WhiteFideId "5200482"]
[BlackFideId "116807"]
[WhiteElo "2558"]
[BlackElo "2731"]
[WhiteTeam "PHI"]
[BlackTeam "ARG"]
[WhiteClock "0:00:07"]
[BlackClock "0:00:03"]

1. d4 Nf6 2. Nc3 d5 3. Bf4 c5 4. e4 dxe4 5. dxc5 Qa5 6. Qd2 Bd7 7. Nxe4 Qxd2+ 8. Nxd2 Nc6 9. c3 e5 10. Be3 Nd5 11. Ne4 f5 12. Nd6+ Bxd6 13. cxd6 f4 14. Bc5 b6 15. Ba3 O-O-O 16. O-O-O Nf6 17. Nf3 Kb7 18. Bb5 Rhe8 19. Rhe1 e4 20. Nd2 Ne5 21. Bf1 Neg4 22. Re2 e3 23. fxe3 Nxe3 24. Rde1 g5 25. h3 h6 26. Rf2 Re5 27. Be2 Rde8 28. Bf3+ Bc6 29. Bxc6+ Kxc6 30. Nf3 Re4 31. Nd4+ Kd7 32. g3 Nh5 33. gxf4 Nxf4 34. Rd2 Nc4 35. Rxe4 Rxe4 36. Rd1 Nxa3 37. bxa3 Kxd6 38. Nf5+ Kc5 39. Nxh6 Nxh3 40. Rd3 Nf4 41. Rf3 Re2 42. Nf7 Rxa2 43. Nxg5 Nd5 44. Ne4+ Kc4 45. Nd2+ Kc5 46. c4 Ne7 47. Rf2 Rxa3 48. Kb2 Rh3 49. Re2 Nc6 50. Rg2 Kb4 51. Rg5 a6 52. Rg6 Rh2 53. Kc1 Nd4 54. Rxb6+ Kc3 55. Ne4+ Kxc4 56. Rxa6 Kd3 57. Nc5+ Kc4 58. Ne4 Nb3+ 59. Kd1 Kd3 60. Ng3 Rg2 61. Rg6 Rg1+ 0-1

[Event "December 5 Early 2023"]
[Site "https://www.chess.com"]
[Date "2023.12.05"]
[Round "11"]
[White "Alikhanov, Felix"]
[Black "Nagare Kaivalya Sandip"]
[Result "1-0"]
[Board "36"]
[TimeControl "180+1"]
[WhiteFideId "4157427"]
[BlackFideId "25957929"]
[WhiteElo "2553"]
[BlackElo "2699"]
[WhiteTeam "RUS"]
[BlackTeam "IND"]
[WhiteClock "0:00:47"]
[BlackClock "0:00:25"]

1. e4 e5 2. Nf3 Nc6 3. Bb5 a6 4. Bxc6 dxc6 5. O-O f6 6. d4 exd4 7. Nxd4 c5 8. Nb3 Qxd1 9. Rxd1 Bd6 10. Na5 b5 11. c4 Be6 12. Nc3 Ne7 13. Be3 f5 14. e5 Bxe5 15. Bxc5 bxc4 16. Re1 Ng6 17. Rxe5 Nxe5 18. Re1 Nd3 19. Rxe6+ Kf7 20. Rc6 Rhe8 21. g3 g5 22. Rxc7+ Kg6 23. Nxc4 Re1+ 24. Kg2 Ra1 25. f3 Re8 26. Rc6+ Kh5 27. Ne3 Ne1+ 28. Kh3 Nxf3 29. g4+ fxg4+ 30. Nxg4 1-0

[Event "December 5 Early 2023"]
[Site "https://www.chess.com"]
[Date "2023.12.05"]
[Round "11"]
[White "Vlassov, Nikolai"]
[Black "Estrada Nieto, Julian"]
[Result "1/2-1/2"]
[Board "37"]
[TimeControl "180+1"]
[WhiteFideId "4103360"]
[BlackFideId "5101018"]
[WhiteElo "2667"]
[BlackElo "2552"]
[WhiteTeam "FID"]
[BlackTeam "ESP"]
[WhiteClock "0:00:27"]
[BlackClock "0:00:29"]

1. e4 e5 2. Bc4 Nf6 3. d3 Nc6 4. Nf3 Bc5 5. Bg5 h6 6. Bh4 d6 7. Nc3 Na5 8. Nd2 Nxc4 9. Nxc4 Be6 10. Ne3 c6 11. O-O g5 12. Bg3 h5 13. h4 Ng4 14. Nxg4 Bxg4 15. Qd2 gxh4 16. Bh2 h3 17. Na4 hxg2 18. Rfe1 Bb6 19. Nxb6 axb6 20. Qe3 c5 21. Kxg2 Rg8 22. f3 Be6+ 23. Kh1 Qh4 24. a3 O-O-O 25. Rg1 Qh3 26. Qf2 f5 27. Rxg8 Rxg8 28. Rg1 Rxg1+ 29. Kxg1 f4 30. Qg2 Qxg2+ 31. Kxg2 Kd7 32. Bg1 Kc6 33. Bf2 d5 34. b3 b5 35. Bh4 dxe4 36. fxe4 c4 37. b4 cxd3 38. cxd3 Bb3 39. Bf6 Kd6 40. d4 exd4 41. Bxd4 Ke6 42. Kf3 Bd1+ 43. Kxf4 Bg4 44. Bf2 Bd1 1/2-1/2

[Event "December 5 Early 2023"]
[Site "https://www.chess.com"]
[Date "2023.12.05"]
[Round "11"]
[White "Galchenko, Matvey"]
[Black "Gimenez Aguirre, Alejo Ismael"]
[Result "1-0"]
[Board "38"]
[TimeControl "180+1"]
[WhiteFideId "24175480"]
[BlackFideId "32041667"]
[WhiteElo "2917"]
[BlackElo "2637"]
[WhiteTeam "FID"]
[BlackTeam "ARG"]
[WhiteClock "0:00:40"]
[BlackClock "0:00:00"]

1. e4 c5 2. Nc3 g6 3. d4 cxd4 4. Qxd4 Nf6 5. Be3 Nc6 6. Qd2 Bg7 7. f3 O-O 8. O-O-O d6 9. Nge2 Qa5 10. Kb1 Be6 11. Nf4 Nxe4 12. fxe4 Bxc3 13. Qxc3 Bxa2+ 14. Kc1 Nb4 15. Rd4 Be6 16. Qxb4 Qa1+ 17. Kd2 Rac8 18. Rg1 a5 19. Qa3 Rxc2+ 20. Kxc2 Qe1 21. Bc4 Rc8 22. Rxe1 1-0

[Event "December 5 Early 2023"]
[Site "https://www.chess.com"]
[Date "2023.12.05"]
[Round "11"]
[White "Ambartsumova, Karina"]
[Black "Demchenko, Anton"]
[Result "0-1"]
[Board "39"]
[TimeControl "180+1"]
[WhiteFideId "4166299"]
[BlackFideId "4160258"]
[WhiteElo "2636"]
[BlackElo "2886"]
[WhiteTeam "RUS"]
[BlackTeam "SLO"]
[WhiteClock "0:00:02"]
[BlackClock "0:00:27"]

1. d4 Nf6 2. c4 d6 3. Nf3 Nc6 4. Nc3 e5 5. d5 Ne7 6. e4 Ng6 7. Be2 Be7 8. O-O O-O 9. Ne1 h6 10. Nd3 Nh7 11. Bg4 Bg5 12. Bxc8 Qxc8 13. Qh5 Nf6 14. Qe2 Nh7 15. Bxg5 Nxg5 16. c5 Qd7 17. Rac1 f5 18. f3 Rf7 19. b4 Raf8 20. exf5 Rxf5 21. Ne4 Ne7 22. cxd6 cxd6 23. Rfd1 Qd8 24. a4 Ng6 25. a5 Nh4 26. Ng3 R5f7 27. Rf1 Qd7 28. Nb2 Ng6 29. Nd3 Qb5 30. Qe3 Qxd5 31. Nf2 Nf4 32. Nfe4 Nge6 33. Rfd1 Nd4 34. Nc3 Qe6 35. b5 Qg6 36. Nce4 h5 37. Rd2 h4 38. Nf1 h3 39. g3 Nd5 40. Qa3 Nxf3+ 41. Kh1 Qxe4 0-1

[Event "December 5 Early 2023"]
[Site "https://www.chess.com"]
[Date "2023.12.05"]
[Round "11"]
[White "Bardyk, Artem"]
[Black "Golubev, Mikhail"]
[Result "1-0"]
[Board "40"]
[TimeControl "180+1"]
[WhiteFideId "34349979"]
[BlackFideId "14100983"]
[WhiteElo "2864"]
[BlackElo "2620"]
[WhiteTeam "RUS"]
[BlackTeam "UKR"]
[WhiteClock "0:00:56"]
[BlackClock "0:00:00"]

1. e4 c5 2. c3 Nf6 3. e5 Nd5 4. Nf3 Nc6 5. Bc4 Nb6 6. Bb3 d6 7. exd6 Qxd6 8. O-O c4 9. Bc2 g6 10. b3 Bg7 11. Na3 cxb3 12. axb3 O-O 13. Nc4 Nxc4 14. bxc4 Be6 15. Ba3 Qf4 16. Re1 Qxc4 17. Rb1 Rab8 18. Ng5 Bg4 19. Qc1 Rfd8 20. Bb3 Qa6 21. Bxe7 Nxe7 22. Rxe7 Bf6 23. Rxf7 Bxg5 24. Rf6+ Kg7 25. Rxa6 bxa6 26. Qe1 Rxd2 27. Qe5+ 1-0

[Event "December 5 Early 2023"]
[Site "https://www.chess.com"]
[Date "2023.12.05"]
[Round "11"]
[White "Gokerkan, Cem Kaan"]
[Black "Maltsevskaya, Aleksandra"]
[Result "1-0"]
[Board "41"]
[TimeControl "180+1"]
[WhiteFideId "6336760"]
[BlackFideId "24174041"]
[WhiteElo "2856"]
[BlackElo "2618"]
[WhiteTeam "TUR"]
[BlackTeam "POL"]
[WhiteClock "0:01:10"]
[BlackClock "0:00:00"]

1. e4 c5 2. c3 g6 3. d4 cxd4 4. cxd4 d5 5. exd5 Bg7 6. Bb5+ Nd7 7. Nc3 Nf6 8. d6 O-O 9. dxe7 Qxe7+ 10. Nge2 a6 11. Bd3 b5 12. O-O Bb7 13. Re1 Rad8 14. Bf4 Nb6 15. a3 Nc4 16. Qb3 Rc8 17. Rad1 Qd7 18. Bg3 Nd5 19. Ne4 h6 20. Nc5 Qc6 21. Nxb7 Qxb7 22. Be4 Qd7 23. Qf3 Nf6 24. Bb7 Rcd8 25. Bxa6 Nd5 26. a4 Nxb2 27. Bxb5 Qf5 28. Qxf5 gxf5 29. Rb1 Rfe8 30. Rxb2 1-0

[Event "December 5 Early 2023"]
[Site "https://www.chess.com"]
[Date "2023.12.05"]
[Round "11"]
[White "IM_ArthurDW08"]
[Black "Aswath, S"]
[Result "1-0"]
[Board "42"]
[TimeControl "180+1"]
[BlackFideId "46694919"]
[WhiteElo "2805"]
[BlackElo "2611"]
[BlackTeam "IND"]
[WhiteClock "0:01:30"]
[BlackClock "0:00:40"]

1. e4 c5 2. Nf3 d6 3. d4 cxd4 4. Nxd4 Nf6 5. Nc3 a6 6. Bd2 e6 7. g4 h6 8. h4 Be7 9. Rg1 b5 10. g5 hxg5 11. hxg5 Nh5 12. g6 Nf6 13. gxf7+ Kxf7 14. Qf3 Bb7 15. Rxg7+ Kxg7 16. Nxe6+ Kf7 17. Nxd8+ Bxd8 18. Nd5 Re8 19. O-O-O Nd7 20. Bc3 Rc8 21. Bxf6 Nxf6 22. Nxf6 Bxf6 23. Rxd6 Rxc2+ 24. Kd1 Bxe4 25. Qxf6+ Kg8 26. Qg5+ Kf8 27. Rf6+ Ke7 28. Rc6+ Kf7 29. Rxc2 1-0

[Event "December 5 Early 2023"]
[Site "https://www.chess.com"]
[Date "2023.12.05"]
[Round "11"]
[White "Sokolovsky, Yahli"]
[Black "Jaiveer Mahendru"]
[Result "1-0"]
[Board "43"]
[TimeControl "180+1"]
[WhiteFideId "2820242"]
[BlackFideId "25611151"]
[WhiteElo "2752"]
[BlackElo "2603"]
[WhiteTeam "ISR"]
[BlackTeam "IND"]
[WhiteClock "0:00:03"]
[BlackClock "0:00:01"]

1. b3 b6 2. Bb2 Bb7 3. Nf3 Nf6 4. d4 e6 5. e3 Be7 6. Nbd2 O-O 7. Be2 Ne4 8. Nxe4 Bxe4 9. O-O d6 10. c4 Bb7 11. Bd3 Nd7 12. e4 c5 13. d5 exd5 14. exd5 Bf6 15. Qd2 Bxb2 16. Qxb2 Qf6 17. Qd2 h6 18. Rfe1 Rfe8 19. Bc2 Nf8 20. h3 Rad8 21. Qd3 Bc8 22. Nd2 Qg5 23. Ne4 Qg6 24. Re3 Bf5 25. Rae1 Re7 26. Rg3 Rxe4 27. Rxe4 Qf6 28. Rf3 Bxe4 29. Qxe4 Qa1+ 30. Kh2 Qe5+ 31. Qxe5 dxe5 32. g3 f6 33. h4 Kf7 34. h5 Ke7 35. Bf5 Nd7 36. Kh3 Nb8 37. Kg4 Na6 38. a3 Nc7 39. Be4 b5 40. Kf5 Kf7 41. Rc3 b4 42. axb4 cxb4 43. Rc1 Na6 44. Ra1 Rd6 45. Bc2 Nc5 46. Ra5 Na6 47. Rb5 Kg8 48. Rb7 Kf8 49. Rxa7 Nc5 50. Ra8+ Kf7 51. Ra7+ Nd7 52. Be4 Ke7 53. c5 1-0

[Event "December 5 Early 2023"]
[Site "https://www.chess.com"]
[Date "2023.12.05"]
[Round "11"]
[White "Zou, Chen"]
[Black "Navarrete Mendez, Gonzalo Alberto"]
[Result "1/2-1/2"]
[Board "44"]
[TimeControl "180+1"]
[WhiteFideId "8610959"]
[BlackFideId "5106850"]
[WhiteElo "2747"]
[BlackElo "2602"]
[WhiteTeam "CHN"]
[BlackTeam "MEX"]
[WhiteClock "0:02:50"]
[BlackClock "0:01:44"]

1. g3 e5 2. Bg2 Nc6 3. e3 d5 4. Ne2 Nf6 5. h3 Bd6 6. d3 Qe7 7. Nd2 e4 8. d4 Nd8 9. c4 c6 10. Nc3 Be6 11. Qb3 a6 12. Qc2 b5 13. c5 Bc7 14. a3 a5 15. b3 Bd7 16. Ne2 Ne6 17. Bb2 a4 18. b4 g6 19. O-O-O Ng7 20. Kb1 h5 21. Rdf1 Nf5 22. Bc1 O-O-O 23. Qd1 Kb7 24. Qe1 Rde8 25. Rhg1 Bb8 26. Qd1 Bc7 27. Qe1 Bb8 28. Qd1 Bc7 29. Qe1 1/2-1/2

[Event "December 5 Early 2023"]
[Site "https://www.chess.com"]
[Date "2023.12.05"]
[Round "11"]
[White "Shubenkova, Veronika"]
[Black "Starozhilov, Leonid"]
[Result "0-1"]
[Board "45"]
[TimeControl "180+1"]
[WhiteFideId "44124040"]
[BlackFideId "14106752"]
[WhiteElo "2596"]
[BlackElo "2744"]
[WhiteTeam "RUS"]
[BlackTeam "UKR"]
[WhiteClock "0:00:04"]
[BlackClock "0:00:05"]

1. d4 Nf6 2. e3 g6 3. f4 Bg7 4. Nf3 d6 5. c3 O-O 6. Bd3 Nc6 7. O-O e5 8. Bc2 exf4 9. exf4 Re8 10. Nbd2 Nd5 11. Ne4 Bf5 12. Ng3 Bxc2 13. Qxc2 Ne3 14. Bxe3 Rxe3 15. f5 Qe7 16. Rae1 Re8 17. Qb1 Na5 18. Rxe3 Qxe3+ 19. Kh1 Qe7 20. Nd2 d5 21. b4 Nc4 22. Nxc4 dxc4 23. fxg6 hxg6 24. Qc2 c6 25. h3 f5 26. Rf2 Bh6 27. Re2 Qf7 28. Kg1 Be3+ 29. Kh1 Bf4 30. Nf1 b5 31. Qd1 g5 32. Qe1 Rxe2 33. Qxe2 Kf8 34. Qf3 Qd5 35. Qh5 Kg7 36. Qe8 Qe4 37. Qd7+ Kg6 38. Kg1 a6 39. Qc8 Be3+ 40. Nxe3 Qxe3+ 41. Kh1 Qc1+ 42. Kh2 Qf4+ 43. Kh1 g4 44. Qxc6+ Kg5 45. Qe8 Qf1+ 46. Kh2 g3+ 47. Kxg3 Qf4# 0-1

[Event "December 5 Early 2023"]
[Site "https://www.chess.com"]
[Date "2023.12.05"]
[Round "11"]
[White "Ianovsky, Matias Manuel"]
[Black "Atakhan, Abtin"]
[Result "0-1"]
[Board "46"]
[TimeControl "180+1"]
[WhiteFideId "112470"]
[BlackFideId "22502203"]
[WhiteElo "2594"]
[BlackElo "2728"]
[WhiteTeam "ARG"]
[BlackTeam "IRI"]
[WhiteClock "0:00:00"]
[BlackClock "0:00:02"]

1. d4 Nf6 2. Nf3 d5 3. c4 e6 4. g3 Bb4+ 5. Bd2 Be7 6. Qc2 a5 7. Bg2 O-O 8. O-O c6 9. Rd1 Nbd7 10. Bf4 a4 11. Nbd2 Nh5 12. Be3 h6 13. Rac1 Qa5 14. Nf1 b5 15. cxd5 cxd5 16. Qc7 Qxc7 17. Rxc7 Bd6 18. Rc6 Bb8 19. Ne1 Bb7 20. Rc2 Bd6 21. Nd3 b4 22. Nd2 Ba6 23. Rc6 Be7 24. Rc7 Nhf6 25. Ne5 Nxe5 26. dxe5 Bd8 27. Rcc1 Nd7 28. Re1 Ba5 29. b3 a3 30. f4 Rfc8 31. Kf2 Bd8 32. Bd4 Be7 33. e4 dxe4 34. Nxe4 Rab8 35. Ke3 Kf8 36. Bf1 Bxf1 37. Rxf1 Ke8 38. Kd2 Kd8 39. Rxc8+ Rxc8 40. Rc1 Rxc1 41. Kxc1 Nb8 42. Kd2 Nc6 43. Be3 Kc7 44. Kd3 Na5 45. Bd4 Kc6 46. Nd2 Kd5 47. Ba1 Bc5 48. Ne4 Bg1 49. h3 Nb7 50. g4 Bh2 51. f5 Bxe5 0-1

[Event "December 5 Early 2023"]
[Site "https://www.chess.com"]
[Date "2023.12.05"]
[Round "11"]
[White "Ozates, Tuna"]
[Black "Sahakyan, Aleks"]
[Result "1-0"]
[Board "47"]
[TimeControl "180+1"]
[WhiteFideId "6354521"]
[BlackFideId "13316338"]
[WhiteElo "2556"]
[BlackElo "2727"]
[WhiteTeam "TUR"]
[BlackTeam "ARM"]
[WhiteClock "0:02:03"]
[BlackClock "0:01:35"]

1. e4 c5 2. Nf3 Nc6 3. Bb5 g6 4. Bxc6 dxc6 5. d3 Bg7 6. h3 Nf6 7. Nc3 Nd7 8. Be3 e5 9. Qd2 h6 10. O-O b6 11. Nh2 Nf8 12. f4 exf4 13. Bxf4 Ne6 14. Bg3 Nd4 15. Rae1 O-O 16. e5 Bf5 17. Ng4 Qg5 18. Bf4 Qh4 19. Nxh6+ Bxh6 20. Bxh6 Rfe8 21. Bg5 Qh5 22. Bf6 Re6 23. Rf4 Qh6 24. Rh4 1-0